 Dungeon Crawl Stone Soup version 0.31-a0-202-g547052bce9 (webtiles) character file.

Game seed: 3520765989744476200

36 qw the Shooter (level 3, 0/20 HPs)
             Began as a Deep Elf Hunter on June 26, 2023.
             Frozen to death by an endoplasm (5 damage)
             ... on level 4 of the Dungeon.
             The game lasted 00:00:51 (1394 turns).

qw the Shooter (Deep Elf Hunter)                    Turns: 1394, Time: 00:00:51

Health: 0/20       AC:  5    Str: 10    XL:     3   Next: 19%
Magic:  5/5        EV: 11    Int: 13    God:
Gold:   14         SH:  0    Dex: 18    Spells: 2/2 levels left

rFire   . . .        Y - +1 shortbow
rCold   . . .        (shield currently unavailable)
rNeg    . . .        e - +0 ring mail
rPois   .            (no helmet)
rElec   .            (no cloak)
rCorr   .            (no gloves)
SInv    .            (no boots)
Will    .....        (no amulet)
Stlth   +            (no ring)
HPRegen 0.23/turn    (no ring)
MPRegen 0.09/turn

%: no passive effects
@: no status effects
A: no striking features
a: no special abilities


You were on level 4 of the Dungeon.
You visited 1 branch of the dungeon, and saw 3 of its levels.

You collected 109 gold pieces.
You spent 95 gold pieces at shops.


   Skills:
 - Level 1.5 Fighting
 + Level 6.8 Ranged Weapons
 - Level 2.4 Dodging
 - Level 1.2 Stealth


You had 2 spell levels left.
You didn't know any spells.
Your spell library was empty.

Inventory:

Hand Weapons
 Y - a +1 shortbow (weapon)
Armour
 e - a +0 ring mail (worn)
Scrolls
 a - a scroll of teleportation {unknown}
Potions
 b - a potion of invisibility {unknown}
 h - a potion of magic {unknown}
 i - a potion of heal wounds {unknown}
 k - a potion of might

Dungeon Overview and Level Annotations

Branches:
Dungeon (2/15)

Altars:

Shops:
D:1 :![   D:4 *

Annotations:
D:2 Sigmund


Message History

1379 ||| SHOPLISTING scroll labelled NUTRUETAOT (21 gold, have 14).
You can access your shopping list by pressing '$'.
1379 ||| SHOPLISTING wooden wand (84 gold, have 14).
You can access your shopping list by pressing '$'.
You open the door.
Found a stone staircase leading down.
There is an open door here.
There is a stone staircase leading down here.
An ogre comes into view. It is wielding a +0 giant spiked club.
You shoot an arrow. The arrow barely misses the ogre.
The ogre shouts!
You shoot an arrow. The arrow barely misses the ogre.
You shoot an arrow.
The arrow hits the ogre but does no damage.
You shoot an arrow. The arrow hits the ogre.
The ogre is lightly wounded.
An endoplasm comes into view.
You shoot an arrow. The endoplasm quivers.
The arrow hits the ogre!
The ogre is heavily wounded.
You shoot an arrow. The arrow closely misses the ogre.
The ogre barely misses you.
You shoot an arrow. The arrow barely misses the ogre.
The ogre barely misses you.
You shoot an arrow. The arrow closely misses the ogre.
The endoplasm jiggles.
The ogre hits you with a +0 giant spiked club!
Ouch! That really hurt!
You shoot an arrow. The arrow hits the ogre.
The ogre is heavily wounded.
You shoot an arrow. The arrow barely misses the ogre.
The ogre barely misses you. The endoplasm freezes you.
You are frozen.
You shoot an arrow. The arrow hits the ogre.
The ogre is heavily wounded.
The endoplasm freezes you.
You are frozen.
You die...

#......#
#......#
##...### ##.###
###..###
#.\....#
#..#...#
######'##...##
#...O@>.......
#...J...###.###
..........# .#
............ .#
...###+####.#
.. .# . . .#


You could see an ogre and an endoplasm.

Vanquished Creatures
  3 dart slugs
  An endoplasm (D:2)
  A giant cockroach (D:2)
  4 goblins (D:1)
  4 hobgoblins (D:1)
  4 jackals (D:2)
  2 kobolds
  3 ball pythons
  A frilled lizard (D:1)
  3 rats (D:1)
26 creatures vanquished.

Notes
Turn   | Place    | Note
-------+----------+-------------------------------------------
     0 | D:1      | qw the Deep Elf Hunter began the quest for the Orb.
     0 | D:1      | Reached XP level 1. HP: 12/12 MP: 3/3
     0 | D:1      | 0 ||| qw: Version: 0.3-a-22-g0ed2b0b
     0 | D:1      | 0 ||| qw: Game counter: 6170
     0 | D:1      | 0 ||| qw: Melee chars always use a shield: true
     0 | D:1      | 0 ||| qw: God list: Okawaru
     0 | D:1      | 0 ||| qw: Allow faded altars: false
     0 | D:1      | 0 ||| qw: Do Orc after clearing Dungeon:15 true
     0 | D:1      | 0 ||| qw: Do second Lair branch before Depths: true
     0 | D:1      | 0 ||| qw: Lair rune preference: random
     0 | D:1      | 0 ||| qw: Goals: Normal
     0 | D:1      | 0 ||| PLANNING D:1-11
   102 | D:1      | Found Neirhubi's Armour Shop.
   222 | D:1      | Reached XP level 2. HP: 16/16 MP: 4/4
   251 | D:1      | Reached skill level 6 in Ranged Weapons
   620 | D:1      | Found Xitom's Book Shop.
   756 | D:1      | Found Nuanewuc's Distillery.
   759 | D:1      | 759 ||| BUYING potion of curing (33 gold).
   759 | D:1      | Bought a potion of curing for 33 gold pieces
   759 | D:1      | 759 ||| SHOPLISTING potion of enlightenment (55 gold, have
                  | 51).
   759 | D:1      | 759 ||| SHOPLISTING potion of haste (110 gold, have 51).
   759 | D:1      | 759 ||| BUYING potion of might (44 gold).
   759 | D:1      | Bought a potion of might for 44 gold pieces
   811 | D:1      | 811 ||| UPGRADING to +0 ring mail.
   821 | D:1      | 821 ||| DROPPING +0 leather armour.
   822 | D:1      | 822 ||| READING scroll labelled HUEC RI PAU.
   823 | D:1      | 823 ||| READING scroll labelled MAWNAB ZELEYL COT.
   824 | D:1      | 824 ||| READING scroll labelled CAXTEUD CESOZA.
   825 | D:1      | 825 ||| DROPPING scroll of butterflies.
   845 | D:2      | Noticed Sigmund
   850 | D:2      | 850 ||| STAIRDANCE
   851 | D:2      | HP: 2/16 [goblin/+0 club (3)]
   852 | D:2      | 852 ||| DRINKING potion of curing.
   852 | D:2      | 852 ||| (to cure confusion)
   853 | D:2      | 853 ||| STAIRDANCE
   899 | D:2      | 899 ||| STAIRDANCE
   899 | D:2      | HP: 4/16 [Sigmund/+0 scythe (8)]
   952 | D:2      | 952 ||| STAIRDANCE
   952 | D:2      | HP: 4/16 [Sigmund/+0 scythe (1)]
  1009 | D:2      | 1009 ||| STAIRDANCE
  1009 | D:2      | HP: 1/16 [Sigmund/+0 scythe (6)]
  1227 | D:2      | Reached XP level 3. HP: 20/20 MP: 5/5
  1372 | D:2      | You fall into a shaft and drop 2 floors!
  1372 | D:4      | Found Juxiuhuv's Assorted Antiques.
  1379 | D:4      | 1379 ||| PLANNING OSSUARY
  1379 | D:4      | 1379 ||| SHOPLISTING 2 scrolls labelled CANORON FIECLO (42
                  | gold, have 32).
  1379 | D:4      | 1379 ||| BUYING amethyst potion (18 gold).
  1379 | D:4      | Bought an amethyst potion for 18 gold pieces
  1379 | D:4      | 1379 ||| SHOPLISTING notched opal ring (105 gold, have 14).
  1379 | D:4      | 1379 ||| SHOPLISTING pair of gloves (94 gold, have 14).
  1379 | D:4      | 1379 ||| SHOPLISTING potion of resistance (210 gold, have
                  | 14).
  1379 | D:4      | 1379 ||| SHOPLISTING scroll labelled NUTRUETAOT (21 gold,
                  | have 14).
  1379 | D:4      | 1379 ||| SHOPLISTING wooden wand (84 gold, have 14).
  1383 | D:4      | Noticed an ogre
  1393 | D:4      | HP: 4/20 [frozen (2)]
  1394 | D:4      | Frozen to death by an endoplasm

Levels and vault maps discovered:
D:1:      grunt_arrival_crossed_arrows, layout_basic, serial_shops,
          nicolae_shop_real_fake_doors, shop, shop
D:2:      layout_basic, uniq_sigmund
D:4:      layout_basic, xom_butterflies,
          nicolae_uskayaw_murder_on_the_dancefloor, mainiacjoe_overflow_paths,
          jmf_multi_god_temple, nicolae_ossuary_entry_plus, serial_shops, shop,
          kennysheep_little_box, shop_scrolls

Skill      XL: |  1  2 |
---------------+-------+-----
Ranged Weapons | 6 |  6.8
Fighting       | |  1.5
Dodging        | |  2.4
Stealth        | |  1.2

Action                     || total
---------------------------++-------
   Fire: Shortbow          ||    76
    Use: Scroll            ||     3
         Potion            ||     1
 Armour: Leather armour    ||     2
         Ring mail         ||     9
  Dodge: Dodged            ||    21

Table legend:
 A = Non-vault XP
 B = Vault XP
 C = Vault XP percentage of total XP
 D = Non-vault monster count
 E = Vault monster count
 F = Vault count percentage of total count
                 A         B        C        D         E       F
            +---------+---------+-------+---------+---------+-------
      Total |      52 |       0 |   0.0 |      26 |       0 |   0.0
            +---------+---------+-------+---------+---------+-------
        D:1 |      32 |       0 |   0.0 |      17 |       0 |   0.0
        D:2 |      20 |       0 |   0.0 |       9 |       0 |   0.0
            +---------+---------+-------+---------+---------+-------
